 Dungeon Crawl Stone Soup version 0.26-a0-597-gb535b0901c (webtiles) character file.

Game seed: 12805796836709068078

20251 Lanoc the Earth Mage (level 12, -3/81 HPs)
             Began as a Purple Draconian Earth Elementalist on Sept 6, 2020.
             Was a High Priest of Dithmenos.
             Slain by a porcupine (8 damage)
             ... on level 3 of the Lair of Beasts.
             The game lasted 00:39:37 (18168 turns).

Lanoc the Earth Mage (DrEE)                        Turns: 18168, Time: 00:39:37

Health: -3/81      AC: 10    Str: 12    XL:     12   Next: 43%
Magic:  10/15      EV: 18    Int: 18    God:    Dithmenos [*****.]
Gold:   824        SH:  0    Dex: 11    Spells: 3/15 levels left

rFire    . . .     SeeInvis .   b - staff of earth
rCold    . . .     Faith    .   (no shield)
rNeg     . . .     Spirit   .   (armour unavailable)
rPois    +         Reflect  .   (helmet restricted)
rElec    .         Harm     .   t - +0 cloak (curse)
rCorr    .                      p - +0 pair of gloves
MR       +....                  (no boots)
Stlth    +++.......             m - amulet of regeneration
HPRegen  0.63/turn              A - ring of wizardry
MPRegen  0.14/turn              r - ring of poison resistance

@: lethally poisoned (-3 -> -4), wreathed by umbra
A: breathe power, unfitting armour, blink, dopey 1, cold-blooded, AC +8
a: Breathe Dispelling Energy, Blink, Shadow Step, Shadow Form, Renounce Religion


You were on level 3 of the Lair of Beasts.
You worshipped Dithmenos.
Dithmenos was extremely pleased with you.
You visited 3 branches of the dungeon, and saw 16 of its levels.

You collected 1032 gold pieces.
You spent 208 gold pieces at shops.

Inventory:

Hand Weapons
 a - the +6 short sword "Gommy" {vamp, Int+4 Dex+3}
   (You bought it in a shop on level 10 of the Dungeon)

   It inflicts no extra harm, but heals its wielder when it wounds a living foe.
   It affects your intelligence (+4).
   It affects your dexterity (+3).
Missiles
 k - 160 stones (quivered)
 v - 5 atropa-tipped darts
Armour
 p - a +0 pair of gloves (worn)
 t - a cursed +0 cloak (worn)
 w - a +0 kite shield
 y - a scarf of resistance
Magical Staves
 b - an uncursed staff of earth (weapon)
Jewellery
 m - an amulet of regeneration (around neck)
 r - a ring of poison resistance (right hand)
 A - a ring of wizardry (left hand)
 B - an uncursed ring of protection from cold
 C - an uncursed ring of resist corrosion
Wands
 c - a wand of acid (12)
 e - a wand of flame (24)
 u - a wand of paralysis (2)
 D - a wand of random effects (8)
 J - a wand of iceblast (9)
Scrolls
 d - 5 scrolls of teleportation
 f - a scroll of acquirement {unknown}
 i - 3 scrolls of enchant weapon {unknown}
 j - 3 scrolls of enchant armour {unknown}
 l - 2 scrolls of fog {unknown}
 n - 3 scrolls of immolation {unknown}
 o - 4 scrolls of remove curse {unknown}
 q - 6 scrolls of magic mapping
 x - a scroll of random uselessness {unknown}
 E - a scroll of amnesia {unknown}
 F - 6 scrolls of identify
 G - a scroll of vulnerability {unknown}
Potions
 g - 5 potions of brilliance
 s - a potion of mutation
 z - a potion of lignification


   Skills:
 + Level 11.1 Dodging
 - Level 1.7 Stealth
 - Level 2.4 Spellcasting
 - Level 1.0 Transmutations
 * Level 16.2 Earth Magic


You had 3 spell levels left.
You knew the following spells:

 Your Spells              Type           Power        Failure   Level
a - Sandblast             Erth           ######       0%          1
b - Passwall              Tmut/Erth      #####...     1%          2
c - Lee's Rapid Deconstr  Erth           ######....   1%          5
d - Petrify               Tmut/Erth      #####...     1%          4

Your spell library contained the following spells:

 Spells                   Type           Power        Failure   Level
 Stone Arrow              Conj/Erth      #####.       1%          3
 Animate Skeleton         Necr           #.....       7%          1
 Magic Dart               Conj           #...         7%          1
 Pain                     Necr           #...         7%          1
 Searing Ray              Conj           #.....       11%         2
 Dazzling Flash           Conj/Hex       #.....       21%         3
 Vampiric Draining        Necr           #.........   21%         3
 Animate Dead             Necr           #.........   52%         4
 Fulminant Prism          Conj/Hex       #.........   52%         4
 Iskenderun's Mystic Bla  Conj/Tloc      #.......     52%         4
 Agony                    Necr           #.......     86%         5


Dungeon Overview and Level Annotations

Branches:
Dungeon (12/15)            Temple (1/1) D:5            Lair (3/6) D:9
  Swamp: Lair:2-4    Shoals: Lair:2-4     Snake: Lair:2-4    Spider: Lair:2-4
    Orc: D:9-12

Altars:
Dithmenos
Okawaru
Qazlal
Trog
Vehumet

Shops:
D:4 [   D:10 (

Annotations:
D:7 Maggie


Innate Abilities, Weirdness & Mutations

You can breathe bolts of dispelling energy.
Your rich purple scales are hard. (AC +8)
You cannot fit into any form of body armour.
You are cold-blooded and may be slowed by cold attacks.
You can translocate small distances at will.
You are dopey. (Int -2)


Message History

You feel sick. The porcupine closely misses you.
Casting: Sandblast (safe; 0% risk of failure)
Confirm with . or Enter, or press ? or * to list all spells.
Aiming: Sandblast (safe; 0% risk of failure)
Press: ? - help, Shift-Dir - straight line, f - porcupine
Aim: a porcupine (umbra)
You feel a surge of power!
The blast of sand misses the porcupine.
k - 161 stones The porcupine bites you!
* * * LOW HITPOINT WARNING * * *
Casting: Sandblast (safe; 0% risk of failure)
Confirm with . or Enter, or press ? or * to list all spells.
Aiming: Sandblast (safe; 0% risk of failure)
Press: ? - help, Shift-Dir - straight line, f/p - porcupine
Aim: a porcupine (umbra)
You feel a surge of power!
The blast of sand hits the porcupine!
The porcupine is almost dead.
k - 160 stones You feel sick.
The porcupine bites you!
You die...

..........##
#............#
.............#
###..#.#.......###
##....#.##.......P#
.#.##...#.#.......#
...#..#...P...).(r###.##
........#P......@†......
.#.#....##..............
.#.###.###.#.....####P..
.#.......#......## .
..####.......####
.#....#.....##
##........#.#
#........### #.#.##.###


You could see a porcupine.

Vanquished Creatures
  Harold (D:8)
  A hydra (Lair:1)
  A two-headed ogre (D:10)
  2 unseen horrors (D:11)
  2 ugly things
  Psyche (D:11)
  A centaur skeleton (D:11)
  2 black mambas (D:11)
  A cane toad (Lair:3)
  A kobold demonologist (D:12)
  4 komodo dragons
  2 trolls
  Prince Ribbit (D:5)
  A slime creature (D:10)
  7 hippogriffs
  Sigmund (D:5)
  A wraith (D:11)
  12 yaks
  4 wyverns
  2 basilisks (D:9)
  2 steam dragons
  7 soldier ants (Lair:2)
  2 hell hounds (D:11)
  6 water moccasins
  4 porcupines
  2 sky beasts
  An eye of draining (D:11)
  2 black bears
  2 orc warriors (D:10)
  2 ice beasts
  3 phantoms
  A necrophage (D:6)
  A wolf (D:11)
  4 ogres
  16 centaurs
  6 crocodiles
  2 big kobolds (D:12)
  6 bullfrogs
  A gnoll sergeant (D:8)
  A water moccasin zombie (D:5)
  3 scorpions (D:4)
  3 howler monkeys (D:8)
  3 vampire bats
  2 bullfrog zombies
  2 quasits
  3 bullfrog skeletons
  8 hounds
  An orc priest (D:10)
  8 jellies
  An iguana (D:11)
  8 orc wizards
  34 worker ants
  Ijyb (D:4)
  2 hound zombies (D:8)
  2 worker ant zombies
  10 adders
  7 gnolls
  4 white imps
  3 ufetubi
  6 oozes (D:11)
  An adder skeleton (D:6)
  3 worms
  A dart slug (D:1)
  4 leopard geckos
  29 orcs
  13 bats
  5 giant cockroaches
  6 goblins
  7 hobgoblins
  24 jackals
  14 kobolds
  4 quokkas
  4 ball pythons
  3 frilled lizards
  5 rats
353 creatures vanquished.

Vanquished Creatures (others)
  12 fungi
12 creatures vanquished.

Grand Total: 365 creatures vanquished

Notes
Turn   | Place    | Note
-------+----------+-------------------------------------------
     0 | D:1      | Lanoc the Draconian Earth Elementalist began the quest for
                  | the Orb.
     0 | D:1      | Reached XP level 1. HP: 14/14 MP: 3/3
   237 | D:1      | Reached XP level 2. HP: 20/20 MP: 1/5
   772 | D:3      | Reached XP level 3. HP: 7/26 MP: 4/6
   777 | D:3      | Learned a level 2 spell: Passwall
  1110 | D:3      | Reached skill level 4 in Earth Magic
  2219 | D:3      | Reached XP level 4. HP: 24/33 MP: 2/7
  2360 | D:3      | Found a shadowy altar of Dithmenos.
  2566 | D:3      | Became a worshipper of Dithmenos the Shadowed
  2875 | D:4      | Reached skill level 5 in Earth Magic
  2875 | D:4      | Reached XP level 5. HP: 33/38 MP: 8/8
  2960 | D:4      | Noticed a phantom
  2968 | D:4      | Killed a phantom
  3269 | D:4      | Found Viredid's Armour Boutique.
  3322 | D:4      | Noticed Ijyb
  3334 | D:4      | Killed Ijyb
  3334 | D:4      | Reached XP level 6. HP: 18/45 MP: 1/9
  3883 | D:4      | Reached skill level 6 in Earth Magic
  3965 | D:4      | Reached * piety under Dithmenos
  4591 | D:5      | Entered Level 5 of the Dungeon
  4691 | D:5      | Your scales start taking on a rich purple colour.
  4691 | D:5      | Reached XP level 7. HP: 38/50 MP: 5/10
  4693 | D:5      | Reached skill level 7 in Earth Magic
  4848 | D:5      | Noticed Sigmund
  4849 | D:5      | Found a staircase to the Ecumenical Temple.
  4855 | D:5      | Killed Sigmund
  4923 | Temple   | Entered the Ecumenical Temple
  5012 | D:5      | Reached skill level 5 in Dodging
  5233 | D:5      | Found a stormy altar of Qazlal.
  5241 | D:5      | Found a bloodstained altar of Trog.
  5295 | D:5      | Noticed Prince Ribbit
  5302 | D:5      | Reached skill level 8 in Earth Magic
  5415 | D:5      | Killed Prince Ribbit
  5415 | D:5      | Reached XP level 8. HP: 49/57 MP: 8/11
  5472 | D:5      | Found an iron altar of Okawaru.
  5763 | D:5      | Learned a level 5 spell: Lee's Rapid Deconstruction
  6073 | D:6      | You fall into a shaft and drop 2 floors!
  6585 | D:6      | Found a radiant altar of Vehumet.
  6774 | D:7      | Noticed a troll
  6780 | D:7      | Killed a troll
  6780 | D:7      | Reached skill level 9 in Earth Magic
  7032 | D:7      | Noticed Maggie
  7744 | D:8      | Reached ** piety under Dithmenos
  7770 | D:8      | Noticed Harold
  7771 | D:8      | Reached skill level 10 in Earth Magic
  7818 | D:8      | Gained mutation: You are dopey. (Int -2) [potion of
                  | mutation]
  7818 | D:8      | Gained mutation: You can translocate small distances at
                  | will. [potion of mutation]
  7887 | D:8      | Paralysed by Harold for 4 turns
  7899 | D:8      | Killed Harold
  7899 | D:8      | Reached XP level 9. HP: 62/62 MP: 1/12
  7939 | D:8      | Learned a level 4 spell: Petrify
  7949 | D:8      | Reached skill level 11 in Earth Magic
  9731 | D:9      | Reached XP level 10. HP: 69/69 MP: 1/13
  9833 | D:9      | Found a staircase to the Lair.
  9988 | D:9      | Reached skill level 12 in Earth Magic
 10320 | D:10     | Entered Level 10 of the Dungeon
 10331 | D:10     | Found Jeyf Riu's Antique Weapon Shoppe.
 10417 | D:10     | Bought a fine short sword for 208 gold pieces
 10417 | D:10     | Identified the +6 short sword "Gommy" {vamp, Int+4 Dex+3}
                  | (You bought it in a shop on level 10 of the Dungeon)
 11263 | D:10     | Reached *** piety under Dithmenos
 11696 | D:10     | Reached skill level 13 in Earth Magic
 11995 | D:11     | Noticed a purple ugly thing
 12026 | D:11     | Noticed a two-headed ogre
 12119 | D:10     | Killed a two-headed ogre
 12325 | D:10     | Reached XP level 11. HP: 54/74 MP: 4/14
 12382 | D:10     | Killed a purple ugly thing
 12769 | D:11     | Noticed Psyche
 12782 | D:11     | Killed Psyche
 12782 | D:11     | Reached skill level 14 in Earth Magic
 12882 | D:11     | Reached **** piety under Dithmenos
 13028 | D:11     | HP: 2/74 [black mamba (10)]
 14310 | D:12     | Noticed a brown ugly thing
 14334 | D:11     | Killed an unseen horror
 14334 | D:11     | Reached skill level 10 in Dodging
 14484 | D:11     | Killed an unseen horror
 14732 | D:11     | Reached ***** piety under Dithmenos
 14834 | D:12     | Noticed a two-headed ogre
 14960 | D:12     | Reached skill level 15 in Earth Magic
 15051 | D:12     | Killed a brown ugly thing
 15388 | D:12     | Noticed a death knight
 15553 | Lair:1   | Entered Level 1 of the Lair of Beasts
 15590 | Lair:1   | Noticed a seven-headed hydra
 16062 | Lair:1   | Reached XP level 12. HP: 81/81 MP: 11/15
 16072 | Lair:1   | Killed a seven-headed hydra
 16966 | Lair:2   | Reached skill level 16 in Earth Magic
 17721 | Lair:2   | Noticed a queen ant
 18168 | Lair:3   | Slain by a porcupine

Illustrated notes

Levels and vault maps discovered:
D:1:      dpeg_arrival_court, layout_basic, serial_curves, eino_curves_03,
          eino_curves_04
D:2:      layout_loops_ring, nicolae_ru_path_of_blood, grunt_decor_one_mirror
D:3:      layout_loops_corners, lemuel_coloured_pillars_altar
D:4:      old_forge, layout_loops_ring, serial_shops, shop, uniq_ijyb
D:5:      layout_rooms, chequers_temple_overflow_statue_of_worship,
          kennysheep_okawaru_gauntlet, temple_fountains, uniq_prince_ribbit1,
          uniq_sigmund
D:6:      layout_loops_cross, kennysheep_mini_moat
D:7:      layout_loops_corners, serial_glass, glass_columns_c, glass_columns_a,
          kennysheep_potato, uniq_maggie
D:8:      layout_basic, uniq_harold
D:9:      layout_basic, erik_lair_dragon
D:10:     layout_irregular_city, serial_shops, shop
D:11:     layout_rooms, hangedman_parallel_progression, uniq_psyche
D:12:     layout_basic, erik_orc_3
Temple:   regret_index_temple_sphere_string
Lair:1:   layout_chaotic_city
Lair:2:   layout_roguey, zaba_antful_of_joy, lemuel_fruit_tree,
          lemuel_fruit_fields
Lair:3:   layout_cave_pods, minmay_swamp_entry_reptiles, basic_altar,
          patterned_corridor, grunt_megastairs_4

Skill      XL: |  1  2  3  4  5  6  7  8  9 10 11 12 |
---------------+-------------------------------------+-----
Dodging        | 2 3 4 5 7 9 10 11 | 11.1
Earth Magic    | 4 5 6 8 10 11 13 15 16 | 16.2
Stealth        | |  1.7
Spellcasting   | |  2.4
Transmutations | |  1.0

Action                   |  1- 3 |  4- 6 |  7- 9 | 10-12 || total
-------------------------+-------+-------+-------+-------++-------
Melee: Unarmed           |    42 |       |       |       ||    42
       Tailslap          |    14 |    27 |    36 |    94 ||   171
       Dagger            |   112 |   212 |   262 |    39 ||   625
       Short sword       |       |       |       |   662 ||   662
       Staff             |       |       |       |   144 ||   144
 Cast: Sandblast         |    35 |    41 |    60 |   111 ||   247
       Lee's Rapid Decon |       |       |    25 |    52 ||    77
       Petrify           |       |       |       |    19 ||    19
       Passwall          |       |       |       |     6 ||     6
 Abil: Breathe Dispellin |       |       |     3 |     5 ||     8
Evoke: Wand              |       |       |       |     5 ||     5
  Use: Scroll            |       |       |     6 |     3 ||     9
       Potion            |       |       |     4 |    14 ||    18
 Stab: Sleeping          |     2 |     3 |     3 |     7 ||    15
       Petrified         |       |       |       |    21 ||    21
       Paralysed         |       |       |       |     7 ||     7
       Distracted        |       |       |       |     3 ||     3
Armor: Skin              |    47 |    49 |    75 |   254 ||   425
Dodge: Dodged            |   132 |   105 |   280 |  1214 ||  1731

Table legend: (Time is in decaauts)
 A = Elapsed time spent in this place.
 B = Non-inter-level travel time spent in this place.
 C = Inter-level travel time spent in this place.
 D = Time resting spent in this place.
 E = Time spent auto-exploring this place.
 F = Levels seen in this place.
 G = Mean time per level.
                   A        B        C        D        E       F      G
               +--------+--------+--------+--------+--------+-----+--------+
         Total |  18132 |  17357 |    775 |   1132 |  11955 |  16 | 1133.2 |
       Dungeon |  15569 |  14851 |    718 |    905 |  10259 |  12 | 1297.4 |
        Temple |      1 |      1 |      0 |      0 |      0 |   1 |    1.0 |
          Lair |   2560 |   2503 |     57 |    227 |   1696 |   3 |  853.3 |
               +--------+--------+--------+--------+--------+-----+--------+

Top non-repeatable levels by time:
    D:10: 2496 daAuts
    D:11: 2049 daAuts
     D:9: 2016 daAuts
     D:4: 1982 daAuts
     D:3: 1860 daAuts
  Lair:2: 1252 daAuts
  Lair:1: 1241 daAuts
     D:5: 1096 daAuts
     D:8: 1014 daAuts
     D:7: 915 daAuts
     D:6: 819 daAuts
     D:1: 639 daAuts
    D:12: 572 daAuts
     D:2: 105 daAuts
  Lair:3: 66 daAuts
